 Dungeon Crawl Stone Soup version 0.27-a0-1525-g1038ab4fd7 (webtiles) character file.

Game seed: 10166927716697739446

375 wakim the Digger (level 6, -17/48 HPs)
             Began as a Gargoyle Earth Elementalist on July 10, 2021.
             Killed from afar by a gargoyle (19 damage)
             ... with a stone arrow
             ... on level 7 of the Dungeon.
             The game lasted 00:11:10 (4993 turns).

wakim the Digger (Gargoyle Earth Elementalist)      Turns: 4993, Time: 00:11:11

Health: -17/48     AC:  8    Str: 12    XL:     6   Next: 72%
Magic:  9/9        EV: 12    Int: 17    God:
Gold:   134        SH:  0    Dex: 10    Spells: 5/9 levels left

rFire    . . .     SeeInvis .   a - +5 quick blade
rCold    + . .     Faith    .   (no shield)
rNeg     + . .     Spirit   .   c - +0 robe
rPois    ∞         Reflect  .   (no helmet)
rElec    +         Harm     .   d - +1 cloak
rCorr    .         Rampage  .   (no gloves)
Will     .....                  (no boots)
Stlth    ..........             (no amulet)
HPRegen  0.16/turn              j - ring of protection from cold
MPRegen  0.11/turn              (no ring)

@: berserking, very quick
A: sickness immunity, AC +4, negative energy resistance 1, electricity
resistance, torment resistance 1, petrification resistance
a: no special abilities


You were on level 7 of the Dungeon.
You visited 1 branch of the dungeon, and saw 5 of its levels.

You collected 186 gold pieces.
You spent 52 gold pieces at shops.

Inventory:

Hand Weapons
 a - a +5 quick blade (weapon)
Missiles
 s - 157 stones
Armour
 c - a +0 robe (worn)
 d - a +1 cloak (worn)
Jewellery
 h - a ring of fire
 j - a ring of protection from cold (left hand)
Wands
 v - a wand of flame (15)
Scrolls
 r - 2 scrolls of identify
Potions
 b - a potion of heal wounds {unknown}
 f - a potion of might {unknown}
 i - a potion of curing {unknown}
 k - a potion of mutation {unknown}
 O - a potion of resistance


   Skills:
 + Level 1.9 Short Blades
 * Level 3.6 Dodging
 - Level 2.1 Stealth
 - Level 2.0 Spellcasting
 + Level 2.3 Conjurations
 - Level 0.7 Transmutations
 - Level 6.0 Earth Magic


You had 5 spell levels left.
You knew the following spells:

 Your Spells              Type           Power      Damage    Failure   Level
a - Sandblast             Erth           44%        2d11      1%          1
x - Stone Arrow           Conj/Erth      30%        3d8       11%         3

Your spell library contained the following spells:

 Spells                   Type           Power      Damage    Failure   Level
 Passwall                 Tmut/Erth      10%        N/A       8%          2
 Lee's Rapid Deconstruct  Erth           11%        3d9*      41%         5
 Petrify                  Tmut/Erth      13%        N/A       43%         4


Dungeon Overview and Level Annotations

Branches:
Dungeon (4/15)
 Temple: D:4-7

Altars:
Sif Muna

Shops:
D:3 (!?

Annotations:
D:7 Maggie


Innate Abilities, Weirdness & Mutations

You are immune to sickness and miasma.
Your stone body is resilient. (AC +4)
You are immune to poison.
You resist negative energy. (rN+)
You are resistant to electric shocks. (rElec)
You are resistant to unholy torment.
You are immune to petrification.


Message History

The stone arrow misses you. The wyvern skeleton closely misses you.
The wyvern skeleton barely misses you.
The wyvern skeleton completely misses you.
A centaur zombie comes into view.
The centaur zombie hits you. The centaur zombie barely misses you.
The wyvern skeleton barely misses you. The centaur zombie hits you.
The centaur zombie misses you. The centaur zombie barely misses you.
The centaur zombie misses you. The wyvern skeleton barely misses you.
The centaur zombie hits you but does no damage.
The centaur zombie kicks you. The wyvern skeleton closely misses you.
Maggie the Vainglorious comes into view.
She is wielding a +1 vorpal morningstar.
Maggie shouts!
The centaur zombie hits you but does no damage.
The centaur zombie barely misses you. The wyvern skeleton closely misses you.
You see here a +0 scale mail.
The wyvern skeleton bites you but does no damage.
The centaur zombie hits you.
The centaur zombie kicks you but does no damage.
The wyvern skeleton bites you.
The gargoyle hurls a stone arrow at you.
The stone arrow hits you!!
Ouch! That really hurt!
* * * LOW HITPOINT WARNING * * *
Okay, then.
Really quaff
C - a potion of berserk rage {!q}?
A red film seems to cover your vision as you go berserk!
You feel yourself moving faster!
You feel mighty!
The centaur zombie hits you but does no damage.
The centaur zombie kicks you but does no damage.
The wyvern skeleton closely misses you. The gargoyle barely misses you.
The centaur zombie hits you but does no damage.
The centaur zombie kicks you but does no damage.
The wyvern skeleton misses you.
You puncture the centaur zombie!
The centaur zombie is moderately damaged.
The gargoyle hurls a stone arrow at you.
The stone arrow hits you!!
You die...

#.# .. ..# ... #####.##
.....
##########......####.....
.........#..............
.........#............#
.........#............###
##.......#......@........
...............9ZZ.......
##......$#####....[......
#.).......# #...[.......
#.........# #....@......
#........[.######.###...
#######....# .# ..
....... .. . ..$.... #.#


You could see Maggie, a gargoyle, a centaur zombie and a wyvern skeleton.

Vanquished Creatures
  A necrophage (D:4)
  An orc priest (D:3)
  A centaur skeleton (D:2)
  2 iguanas
  2 hound skeletons
  5 adders
  3 worms (D:2)
  4 dart slugs
  8 orcs (D:3)
  11 endoplasms
  2 giant cockroaches
  3 goblins
  3 hobgoblins
  2 jackals (D:2)
  8 kobolds
  7 quokkas
  7 ball pythons
  2 bats
  A frilled lizard (D:2)
  6 rats
79 creatures vanquished.

Vanquished Creatures (others)
  26 plants (D:3)
26 creatures vanquished.

Grand Total: 105 creatures vanquished

Notes
Turn   | Place    | Note
-------+----------+-------------------------------------------
     0 | D:1      | wakim the Gargoyle Earth Elementalist began the quest for
                  | the Orb.
     0 | D:1      | Reached XP level 1. HP: 10/10 MP: 3/3
   313 | D:1      | Reached skill level 4 in Earth Magic
   522 | D:1      | Reached XP level 2. HP: 15/15 MP: 5/5
  1269 | D:1      | Reached XP level 3. HP: 18/19 MP: 6/6
  2047 | D:1      | Identified a scroll of acquirement
  2047 | D:1      | Acquired a +5 quick blade
  2341 | D:2      | Learned a level 3 spell: Stone Arrow
  2380 | D:2      | Reached skill level 5 in Earth Magic
  2490 | D:2      | Reached XP level 4. HP: 19/24 MP: 7/7
  2898 | D:2      | Reached skill level 1 in Conjurations
  3100 | D:2      | Reached XP level 5. HP: 21/28 MP: 8/8
  3445 | D:3      | Found Elix's Magic Scroll Boutique.
  3450 | D:3      | Bought 2 scrolls of identify for 52 gold pieces
  3491 | D:3      | Found a shimmering blue altar of Sif Muna.
  3564 | D:3      | Found Ytatauc's Distillery.
  3722 | D:3      | Found a faded altar of an unknown god.
  3734 | D:3      | Reached skill level 1 in Short Blades
  3900 | D:3      | Found Luone's Antique Weapon Boutique.
  4554 | D:4      | Reached skill level 6 in Earth Magic
  4554 | D:4      | Reached XP level 6. HP: 6/32 MP: 5/9
  4569 | D:4      | Noticed a necrophage
  4846 | D:4      | Killed a necrophage
  4963 | D:4      | You fall into a shaft and drop 3 floors!
  4964 | D:7      | Noticed a gargoyle
  4987 | D:7      | Noticed Maggie
  4990 | D:7      | HP: 1/32 [gargoyle/stone arrow (21)]
  4993 | D:7      | Killed from afar by a gargoyle

Illustrated notes

Levels and vault maps discovered:
D:1:      matt_arrival_los_fun, layout_basic, serial_corexii_hall,
          corexii_hall_statues_x, chequers_hall_statues_wall_a
D:2:      layout_basic, minmay_circled_x
D:3:      wad_woods_stonehenge, layout_basic, serial_shops, shop, shop_statue,
          nicolae_diamond_shop, chequers_ecumenical_altar_island,
          lexackson_kobold_supper
D:4:      layout_basic
D:7:      layout_basic, minmay_hollow_rounded_squares, uniq_maggie

Skill      XL: |  1  2  3  4  5  6 |
---------------+-------------------+-----
Earth Magic    | 4 5 6 |  6.0
Dodging        | 2 3 |  3.6
Conjurations   | 1 2 |  2.3
Short Blades   | 1 |  1.9
Stealth        | |  2.1
Spellcasting   | |  2.0
Transmutations | |  0.7

Action                   |  1- 3 |  4- 6 || total
-------------------------+-------+-------++-------
Melee: Whip              |    83 |       ||    83
       Quick blade       |    39 |   159 ||   198
 Cast: Sandblast         |     9 |     9 ||    18
  Use: Scroll            |     1 |     7 ||     8
       Potion            |       |     1 ||     1
 Stab: Sleeping          |     2 |     3 ||     5
Armor: Robe              |    32 |    38 ||    70
Dodge: Dodged            |    67 |    80 ||   147

Table legend: (Time is in decaauts)
 A = Elapsed time spent in this place.
 B = Non-inter-level travel time spent in this place.
 C = Inter-level travel time spent in this place.
 D = Time resting spent in this place.
 E = Time spent auto-exploring this place.
 F = Levels seen in this place.
 G = Mean time per level.
                   A        B        C        D        E       F      G
               +--------+--------+--------+--------+--------+-----+--------+
         Total |   4940 |   4890 |     50 |    289 |   3865 |   5 |  988.0 |
       Dungeon |   4940 |   4890 |     50 |    289 |   3865 |   5 |  988.0 |
               +--------+--------+--------+--------+--------+-----+--------+

Top non-repeatable levels by time:
     D:1: 2058 daAuts
     D:3: 1387 daAuts
     D:2: 1239 daAuts
     D:4: 225 daAuts
     D:7: 29 daAuts
